[ AOE2 MATCH · #502454833 ]
UnrankedMapuche vs Vietnamese
[ REPLAY ANALYSIS · EXTRACTED FROM THE RECORDED GAME ]
Feudal
11:20
Castle
14:51
Imperial
—
| APM avg | 45.4 |
| APM peak | 85 |
| eAPM avg | 20.3 |
| Villagers / military | 99 / 83 |
Focus
⚔️ 21.1% · 🌾 78.9%
Bolas Rider ×82 · Mangonel ×1
Feudal
9:18
Castle
21:53
Imperial
39:48
| APM avg | 57.7 |
| APM peak | 101 |
| eAPM avg | 31.7 |
| Villagers / military | 164 / 85 |
Focus
⚔️ 55.8% · 🌾 44.2%
Knight ×72 · Scout Cavalry ×8 · Monk ×3 · Spearman ×1 · Battle Elephant ×1
Feudal
9:50
Castle
24:53
Imperial
—
| APM avg | 29.7 |
| APM peak | 117 |
| eAPM avg | 15.3 |
| Villagers / military | 93 / 67 |
Focus
⚔️ 35.5% · 🌾 64.5%
Scout Cavalry ×45 · Steppe Lancer ×13 · Camel Scout ×6 · Iron Pagoda ×2 · Scorpion ×1
Feudal
8:50
Castle
22:37
Imperial
36:51
| APM avg | 62.1 |
| APM peak | 103 |
| eAPM avg | 33.6 |
| Villagers / military | 147 / 213 |
Focus
⚔️ 40.9% · 🌾 59.1%
Archer ×206 · Battering Ram ×7
Feudal
9:41
Castle
23:48
Imperial
—
| APM avg | 45.1 |
| APM peak | 91 |
| eAPM avg | 24.2 |
| Villagers / military | 122 / 102 |
Focus
⚔️ 31.6% · 🌾 68.4%
Archer ×59 · Skirmisher ×40 · Spearman ×3
Feudal
8:53
Castle
22:55
Imperial
38:56
| APM avg | 38.2 |
| APM peak | 78 |
| eAPM avg | 21.5 |
| Villagers / military | 107 / 139 |
Focus
⚔️ 40.0% · 🌾 60.0%
Archer ×139
Match map
Initial resources + every placement click. Lines = walls · curves = elevation contours. ◆ gold · ⬟ stone · ● berries · ✦ relic · ◌ wall gap
Your base· Open — unwalled flank
yix_x_xio's base· Open — 4t gap
Pleb Guardiola's base· ✓ Closed at 24:53 · 8t walls · no gate
TRMA | The_Beatleman's base· ✓ Closed at 22:37 · 49t walls · 1 gate(s)
Don_Maximiliano's base· ✓ Closed at 23:48 · 47t walls · no gate
Rand_AOE's base· Open — 3t gap
Smoothed initial terrain · ◌ = detected wall gap · hover for details
Inputs per minute
— PacmanStally - - yix_x_xio
Build order — PacmanStally
First 150 of 268 actions detected
| 0:00 | Queue | Villager (Male) |
| 0:00 | Queue | Villager (Male) |
| 0:01 | Queue | Villager (Male) |
| 0:02 | Build | House |
| 0:03 | Build | House |
| 0:16 | Queue | Villager (Male) |
| 0:16 | Queue | Villager (Male) |
| 1:29 | Queue | Villager (Male) |
| 1:59 | Queue | Villager (Male) |
| 2:17 | Queue | Villager (Male) |
| 2:45 | Build | Settlement |
| 2:52 | Queue | Villager (Male) |
| 2:53 | Queue | Villager (Male) |
| 2:53 | Queue | Villager (Male) |
| 3:15 | Queue | Villager (Male) |
| 3:46 | Queue | Villager (Male) |
| 3:46 | Queue | Villager (Male) |
| 4:27 | Queue | Villager (Male) |
| 4:27 | Queue | Villager (Male) |
| 4:43 | Build | Settlement |
| 5:09 | Queue | Villager (Male) |
| 5:09 | Queue | Villager (Male) |
| 6:12 | Queue | Villager (Male) |
| 6:13 | Queue | Villager (Male) |
| 6:18 | Build | Settlement |
| 6:41 | Queue | Villager (Male) |
| 7:27 | Queue | Villager (Male) |
| 7:28 | Queue | Villager (Male) |
| 7:33 | Queue | Villager (Male) |
| 7:36 | Research | Loom |
| 8:38 | Research | Feudal Age |
| 8:39 | Queue | Villager (Male) |
| 8:51 | Build | Palisade Wall |
| 9:03 | Build | Barracks |
| 9:57 | Build | Farm |
| 10:05 | Build | Farm |
| 10:07 | Queue | Villager (Male) |
| 10:15 | Build | Farm |
| 11:20 | Age | Feudal Age |
| 11:22 | Build | Archery Range |
| 11:24 | Build | Blacksmith |
| 11:40 | Build | Farm |
| 12:11 | Research | Castle Age |
| 12:35 | Build | Watch Tower |
| 13:02 | Build | Archery Range |
| 13:05 | Research | Fletching |
| 13:29 | Build | House |
| 13:32 | Build | Palisade Wall |
| 13:36 | Build | House |
| 13:37 | Build | House |
| 13:43 | Queue | Villager (Male) |
| 14:04 | Research | Double-Bit Axe |
| 14:51 | Age | Castle Age |
| 14:53 | Queue | Bolas Rider |
| 14:54 | Queue | Bolas Rider |
| 14:57 | Research | Bodkin Arrow |
| 15:00 | Build | Farm |
| 15:12 | Queue | Bolas Rider |
| 15:12 | Queue | Bolas Rider |
| 15:13 | Queue | Villager (Male) |
| 15:44 | Queue | Bolas Rider |
| 15:44 | Queue | Bolas Rider |
| 15:44 | Queue | Villager (Male) |
| 16:25 | Queue | Bolas Rider |
| 16:37 | Build | Farm |
| 16:57 | Queue | Bolas Rider |
| 16:57 | Queue | Bolas Rider |
| 16:58 | Queue | Villager (Male) |
| 17:13 | Queue | Villager (Male) |
| 17:15 | Queue | Bolas Rider |
| 17:15 | Queue | Bolas Rider |
| 17:36 | Queue | Villager (Male) |
| 17:40 | Build | Farm |
| 17:48 | Queue | Bolas Rider |
| 17:48 | Queue | Bolas Rider |
| 17:53 | Queue | Villager (Male) |
| 18:18 | Queue | Bolas Rider |
| 18:20 | Queue | Villager (Male) |
| 18:23 | Build | House |
| 18:24 | Build | House |
| 18:31 | Build | House |
| 18:39 | Queue | Bolas Rider |
| 18:40 | Queue | Villager (Male) |
| 19:05 | Queue | Bolas Rider |
| 19:05 | Queue | Bolas Rider |
| 19:10 | Queue | Villager (Male) |
| 19:28 | Queue | Bolas Rider |
| 19:28 | Queue | Bolas Rider |
| 19:29 | Queue | Villager (Male) |
| 19:30 | Queue | Villager (Male) |
| 19:47 | Queue | Bolas Rider |
| 19:53 | Build | Farm |
| 20:20 | Queue | Bolas Rider |
| 20:20 | Queue | Bolas Rider |
| 20:21 | Queue | Villager (Male) |
| 20:37 | Build | Farm |
| 20:43 | Build | Farm |
| 20:55 | Queue | Villager (Male) |
| 20:56 | Queue | Villager (Male) |
| 21:14 | Queue | Villager (Male) |
| 21:20 | Queue | Bolas Rider |
| 21:20 | Queue | Bolas Rider |
| 21:25 | Queue | Villager (Male) |
| 21:46 | Build | Farm |
| 22:11 | Queue | Villager (Male) |
| 22:33 | Queue | Villager (Male) |
| 22:38 | Build | University |
| 23:04 | Build | Settlement |
| 23:06 | Queue | Villager (Male) |
| 23:08 | Build | House |
| 23:09 | Build | House |
| 23:10 | Build | House |
| 23:22 | Research | Padded Archer Armor |
| 24:11 | Build | Siege Workshop |
| 24:14 | Queue | Villager (Male) |
| 24:15 | Queue | Villager (Male) |
| 24:29 | Queue | Villager (Male) |
| 24:42 | Queue | Bolas Rider |
| 24:42 | Queue | Bolas Rider |
| 24:42 | Queue | Villager (Male) |
| 25:08 | Build | Farm |
| 25:12 | Queue | Villager (Male) |
| 25:56 | Queue | Mangonel |
| 25:57 | Queue | Villager (Male) |
| 26:01 | Queue | Villager (Male) |
| 26:10 | Build | Palisade Wall |
| 26:12 | Build | Palisade Wall |
| 26:19 | Queue | Bolas Rider |
| 26:19 | Queue | Bolas Rider |
| 26:24 | Queue | Villager (Male) |
| 26:27 | Build | Farm |
| 26:57 | Build | Settlement |
| 26:58 | Queue | Villager (Male) |
| 27:10 | Build | Farm |
| 27:10 | Queue | Villager (Male) |
| 27:16 | Queue | Villager (Male) |
| 27:30 | Queue | Villager (Male) |
| 27:49 | Build | Market |
| 27:51 | Build | House |
| 28:01 | Queue | Villager (Male) |
| 28:02 | Queue | Villager (Male) |
| 28:24 | Research | Leather Archer Armor |
| 28:38 | Research | Ballistics |
| 28:42 | Queue | Villager (Male) |
| 28:42 | Queue | Villager (Male) |
| 28:42 | Queue | Villager (Male) |
| 28:57 | Build | Farm |
| 29:06 | Queue | Bolas Rider |
| 29:06 | Queue | Bolas Rider |
| 29:26 | Queue | Villager (Male) |
Build order — yix_x_xio
First 150 of 371 actions detected
| 0:00 | Queue | Villager (Male) ×4 |
| 0:01 | Build | House |
| 0:02 | Build | House |
| 1:25 | Queue | Villager (Male) |
| 2:01 | Queue | Villager (Male) |
| 2:02 | Queue | Villager (Male) |
| 2:20 | Build | Lumber Camp |
| 2:50 | Queue | Villager (Male) |
| 3:12 | Queue | Villager (Male) |
| 3:26 | Build | House |
| 3:27 | Build | House |
| 3:47 | Queue | Villager (Male) |
| 4:06 | Queue | Villager (Male) ×2 |
| 4:30 | Build | Mill |
| 4:55 | Queue | Villager (Male) ×3 |
| 5:50 | Queue | Villager (Male) |
| 6:19 | Queue | Villager (Male) |
| 6:46 | Build | Palisade Wall |
| 7:08 | Research | Feudal Age |
| 7:21 | Research | Loom |
| 8:17 | Build | Barracks |
| 9:18 | Age | Feudal Age |
| 9:21 | Build | Stable |
| 9:24 | Research | Double-Bit Axe |
| 9:32 | Build | Farm |
| 9:38 | Queue | Villager (Male) |
| 9:57 | Queue | Villager (Male) |
| 10:02 | Queue | Spearman |
| 10:05 | Queue | Villager (Male) |
| 10:10 | Queue | Scout Cavalry |
| 10:16 | Build | Farm |
| 10:18 | Build | Farm |
| 10:23 | Queue | Scout Cavalry |
| 10:24 | Queue | Villager (Male) |
| 10:33 | Build | House |
| 10:45 | Queue | Villager (Male) |
| 10:50 | Build | Farm |
| 10:50 | Queue | Villager (Male) |
| 11:01 | Build | Farm |
| 11:09 | Queue | Villager (Male) |
| 11:19 | Build | House |
| 11:28 | Queue | Scout Cavalry |
| 11:28 | Queue | Scout Cavalry |
| 11:32 | Queue | Villager (Male) |
| 11:42 | Build | Farm |
| 11:52 | Research | Horse Collar |
| 12:01 | Build | Farm |
| 12:08 | Build | Farm |
| 12:15 | Queue | Villager (Male) |
| 12:26 | Queue | Villager (Male) |
| 12:31 | Queue | Scout Cavalry |
| 12:35 | Build | Farm |
| 12:41 | Queue | Villager (Male) |
| 12:49 | Build | House |
| 12:56 | Build | Farm |
| 13:10 | Build | Farm |
| 13:17 | Build | House |
| 13:20 | Queue | Villager (Male) |
| 13:20 | Queue | Villager (Male) |
| 13:28 | Queue | Scout Cavalry |
| 13:39 | Queue | Villager (Male) |
| 13:40 | Build | Farm |
| 13:43 | Queue | Villager (Male) |
| 13:50 | Build | House |
| 13:56 | Queue | Villager (Male) |
| 14:14 | Queue | Villager (Male) |
| 14:26 | Build | Farm |
| 14:28 | Build | Farm |
| 14:30 | Queue | Villager (Male) |
| 14:34 | Queue | Villager (Male) |
| 14:39 | Build | Farm |
| 14:40 | Build | Farm |
| 14:43 | Queue | Scout Cavalry |
| 14:44 | Queue | Villager (Male) |
| 14:46 | Build | Farm |
| 14:53 | Queue | Villager (Male) |
| 15:06 | Queue | Villager (Male) |
| 15:39 | Build | Mining Camp |
| 15:39 | Queue | Villager (Male) |
| 16:02 | Build | Farm |
| 16:21 | Build | Farm |
| 16:38 | Research | Wheelbarrow |
| 16:49 | Build | Palisade Wall |
| 16:50 | Build | Palisade Wall |
| 16:58 | Build | Palisade Wall |
| 16:59 | Build | Palisade Wall |
| 17:13 | Build | Palisade Wall |
| 17:22 | Queue | Villager (Male) |
| 17:54 | Build | Palisade Wall |
| 18:07 | Queue | Villager (Male) |
| 18:11 | Build | Market |
| 18:34 | Build | Palisade Wall |
| 18:35 | Build | Palisade Wall |
| 18:36 | Build | Palisade Wall |
| 18:37 | Build | Palisade Wall |
| 18:38 | Build | Palisade Wall |
| 18:48 | Research | Town Watch |
| 19:08 | Research | Castle Age |
| 19:23 | Build | Blacksmith |
| 19:34 | Research | Bloodlines |
| 19:42 | Build | House |
| 20:02 | Build | Farm |
| 20:20 | Research | Scale Barding Armor |
| 21:03 | Build | House |
| 21:04 | Build | House |
| 21:15 | Build | Watch Tower |
| 21:34 | Build | House |
| 21:36 | Build | House |
| 21:38 | Build | Palisade Wall |
| 21:47 | Build | Palisade Wall |
| 21:49 | Build | Palisade Wall |
| 21:53 | Age | Castle Age |
| 21:55 | Build | Palisade Wall |
| 21:56 | Build | Palisade Wall |
| 22:09 | Build | Gate |
| 22:41 | Queue | Knight |
| 22:42 | Queue | Knight |
| 22:55 | Queue | Battle Elephant |
| 23:03 | Build | Town Center |
| 23:07 | Queue | Villager (Male) |
| 23:11 | Build | Palisade Wall |
| 23:12 | Build | Palisade Wall |
| 23:39 | Build | Town Center |
| 23:43 | Research | Bow Saw |
| 23:43 | Queue | Villager (Male) |
| 23:46 | Queue | Villager (Male) |
| 23:49 | Queue | Villager (Male) |
| 24:06 | Research | Gold Mining |
| 24:10 | Queue | Villager (Male) |
| 24:16 | Build | House |
| 24:25 | Queue | Villager (Male) |
| 24:27 | Queue | Villager (Male) |
| 24:31 | Queue | Villager (Male) |
| 24:34 | Research | Hand Cart |
| 24:41 | Queue | Knight |
| 24:43 | Queue | Villager (Male) |
| 24:47 | Build | Lumber Camp |
| 25:01 | Queue | Villager (Male) |
| 25:05 | Queue | Villager (Male) |
| 25:12 | Build | Farm |
| 25:12 | Queue | Villager (Male) |
| 25:20 | Build | Farm |
| 25:27 | Queue | Knight |
| 25:30 | Build | Farm |
| 25:36 | Queue | Villager (Male) |
| 25:57 | Queue | Villager (Male) |
| 26:03 | Queue | Villager (Male) |
| 26:05 | Queue | Villager (Male) |
| 26:06 | Build | Farm |
| 26:07 | Build | Farm |
Build order — Pleb Guardiola
First 150 of 246 actions detected
| 0:02 | Queue | Villager (Male) |
| 0:03 | Queue | Villager (Male) |
| 0:03 | Queue | Villager (Male) |
| 0:03 | Queue | Villager (Male) |
| 0:05 | Build | House |
| 0:06 | Build | House |
| 1:30 | Queue | Villager (Male) |
| 1:49 | Build | Mill |
| 2:07 | Queue | Villager (Male) |
| 2:26 | Queue | Villager (Male) |
| 2:59 | Queue | Villager (Male) |
| 3:15 | Queue | Villager (Male) |
| 3:48 | Queue | Villager (Male) |
| 3:53 | Build | House |
| 3:57 | Queue | Villager (Male) |
| 3:57 | Queue | Villager (Male) |
| 4:01 | Queue | Villager (Male) |
| 4:30 | Queue | Villager (Male) |
| 4:47 | Queue | Villager (Male) |
| 5:05 | Queue | Villager (Male) |
| 5:05 | Queue | Villager (Male) |
| 5:06 | Queue | Villager (Male) |
| 5:47 | Build | House |
| 5:54 | Queue | Villager (Male) |
| 6:29 | Build | Palisade Wall |
| 6:30 | Build | Palisade Wall |
| 6:33 | Build | Palisade Wall |
| 7:10 | Research | Loom |
| 7:15 | Build | Lumber Camp |
| 7:40 | Research | Feudal Age |
| 8:20 | Build | Pasture |
| 9:15 | Build | Barracks |
| 9:40 | Queue | Villager (Male) |
| 9:50 | Age | Feudal Age |
| 10:02 | Build | Stable |
| 10:08 | Research | Tech 1014 |
| 10:08 | Queue | Villager (Male) |
| 10:14 | Build | House |
| 10:23 | Research | Double-Bit Axe |
| 10:24 | Queue | Villager (Male) |
| 10:42 | Build | Pasture |
| 10:56 | Queue | Villager (Male) |
| 11:06 | Build | Pasture |
| 11:11 | Build | House |
| 11:22 | Queue | Villager (Male) |
| 11:40 | Build | Pasture |
| 11:49 | Queue | Scout Cavalry |
| 11:54 | Build | House |
| 12:06 | Build | Pasture |
| 12:12 | Queue | Villager (Male) |
| 12:27 | Build | House |
| 12:29 | Build | House |
| 12:37 | Queue | Scout Cavalry |
| 12:49 | Build | Pasture |
| 12:52 | Queue | Villager (Male) |
| 13:15 | Queue | Villager (Male) |
| 13:19 | Build | House |
| 13:39 | Build | Pasture |
| 13:42 | Build | Pasture |
| 13:45 | Queue | Villager (Male) |
| 13:48 | Queue | Scout Cavalry |
| 13:55 | Build | Pasture |
| 14:08 | Queue | Villager (Male) |
| 14:25 | Queue | Scout Cavalry |
| 14:34 | Queue | Villager (Male) |
| 14:48 | Build | Pasture |
| 14:50 | Queue | Villager (Male) |
| 14:51 | Queue | Scout Cavalry |
| 15:40 | Build | Watch Tower |
| 15:41 | Queue | Villager (Male) |
| 15:42 | Queue | Scout Cavalry |
| 16:17 | Queue | Villager (Male) |
| 16:34 | Queue | Villager (Male) |
| 16:44 | Queue | Villager (Male) |
| 16:51 | Queue | Scout Cavalry |
| 16:54 | Queue | Villager (Male) |
| 17:11 | Queue | Scout Cavalry |
| 17:28 | Build | Blacksmith |
| 17:30 | Queue | Villager (Male) |
| 17:40 | Queue | Scout Cavalry |
| 17:41 | Queue | Villager (Male) |
| 18:00 | Build | Pasture |
| 18:04 | Queue | Villager (Male) |
| 18:18 | Research | Forging |
| 18:18 | Queue | Villager (Male) |
| 18:39 | Build | Mining Camp |
| 18:49 | Queue | Villager (Male) |
| 19:16 | Queue | Scout Cavalry |
| 19:18 | Research | Scale Barding Armor |
| 19:31 | Queue | Villager (Male) |
| 19:45 | Queue | Scout Cavalry |
| 19:57 | Build | Pasture |
| 20:02 | Build | Pasture |
| 20:11 | Queue | Villager (Male) |
| 20:12 | Queue | Scout Cavalry |
| 20:43 | Build | Stable |
| 21:10 | Build | Watch Tower |
| 21:11 | Queue | Villager (Male) |
| 21:41 | Build | House |
| 21:46 | Build | Stable |
| 22:13 | Research | Castle Age |
| 22:32 | Queue | Scout Cavalry |
| 22:32 | Queue | Scout Cavalry |
| 22:33 | Queue | Scout Cavalry |
| 22:42 | Build | House |
| 22:45 | Build | Pasture |
| 23:07 | Queue | Scout Cavalry |
| 23:08 | Queue | Scout Cavalry |
| 23:08 | Queue | Scout Cavalry |
| 23:37 | Queue | Scout Cavalry |
| 23:38 | Queue | Scout Cavalry |
| 23:38 | Queue | Scout Cavalry |
| 23:47 | Build | House |
| 23:59 | Queue | Scout Cavalry |
| 24:04 | Build | House |
| 24:53 | Age | Castle Age |
| 24:55 | Build | Pasture |
| 25:04 | Research | Light Cavalry (upgrade) |
| 25:05 | Research | Husbandry |
| 25:45 | Build | Pasture |
| 25:46 | Build | Pasture |
| 25:53 | Build | Pasture |
| 25:58 | Queue | Villager (Male) |
| 26:01 | Queue | Scout Cavalry |
| 26:01 | Queue | Scout Cavalry |
| 26:04 | Build | Pasture |
| 26:28 | Queue | Steppe Lancer |
| 26:28 | Queue | Steppe Lancer |
| 26:29 | Queue | Steppe Lancer |
| 26:29 | Queue | Villager (Male) |
| 26:43 | Build | Market |
| 27:04 | Queue | Villager (Male) |
| 27:06 | Queue | Steppe Lancer |
| 27:07 | Queue | Steppe Lancer |
| 27:07 | Queue | Steppe Lancer |
| 27:12 | Build | Siege Workshop |
| 27:27 | Queue | Villager (Male) |
| 27:40 | Research | Iron Casting |
| 27:47 | Queue | Villager (Male) |
| 27:53 | Build | Pasture |
| 27:57 | Queue | Villager (Male) |
| 28:00 | Queue | Steppe Lancer |
| 28:06 | Build | Outpost |
| 28:12 | Queue | Iron Pagoda |
| 28:30 | Queue | Villager (Male) |
| 28:35 | Queue | Scout Cavalry |
| 28:35 | Queue | Scout Cavalry |
| 28:36 | Queue | Scout Cavalry |
| 28:40 | Build | Outpost |
| 29:08 | Build | House |
Build order — TRMA | The_Beatleman
First 150 of 526 actions detected
| 0:00 | Queue | Villager (Male) |
| 0:00 | Queue | Villager (Male) |
| 0:02 | Build | House |
| 0:02 | Build | House |
| 0:17 | Queue | Villager (Male) |
| 0:20 | Queue | Villager (Male) |
| 1:24 | Queue | Villager (Male) |
| 1:48 | Build | Lumber Camp |
| 1:57 | Queue | Villager (Male) |
| 2:12 | Queue | Villager (Male) |
| 2:48 | Queue | Villager (Male) |
| 3:20 | Queue | Villager (Male) |
| 3:20 | Queue | Villager (Male) |
| 3:49 | Build | House |
| 3:59 | Queue | Villager (Male) |
| 4:05 | Build | House |
| 4:16 | Build | House |
| 4:19 | Queue | Villager (Male) |
| 4:46 | Queue | Villager (Male) |
| 5:01 | Build | Mining Camp |
| 5:23 | Queue | Villager (Male) |
| 5:37 | Queue | Villager (Male) |
| 5:37 | Research | Loom |
| 6:32 | Research | Feudal Age |
| 7:38 | Build | Barracks |
| 7:47 | Queue | Villager (Male) |
| 7:47 | Queue | Villager (Male) |
| 8:50 | Age | Feudal Age |
| 8:53 | Build | Archery Range |
| 8:56 | Build | Archery Range |
| 9:05 | Research | Double-Bit Axe |
| 9:15 | Queue | Villager (Male) |
| 9:16 | Queue | Villager (Male) |
| 9:27 | Queue | Villager (Male) |
| 9:42 | Queue | Archer |
| 9:42 | Queue | Archer |
| 9:44 | Build | House |
| 9:45 | Queue | Villager (Male) |
| 9:50 | Queue | Archer |
| 10:10 | Build | House |
| 10:13 | Queue | Villager (Male) |
| 10:14 | Queue | Archer |
| 10:20 | Build | Blacksmith |
| 10:30 | Build | House |
| 10:37 | Queue | Archer |
| 10:54 | Queue | Villager (Male) |
| 11:09 | Build | Mill |
| 11:10 | Queue | Archer |
| 11:18 | Queue | Villager (Male) |
| 11:22 | Queue | Archer |
| 11:22 | Queue | Archer |
| 11:55 | Research | Fletching |
| 11:57 | Queue | Archer |
| 11:59 | Build | Farm |
| 12:03 | Build | Farm |
| 12:04 | Build | Farm |
| 12:20 | Build | Farm |
| 12:27 | Queue | Archer |
| 12:27 | Queue | Archer |
| 12:36 | Queue | Villager (Male) |
| 12:41 | Queue | Archer |
| 12:42 | Queue | Villager (Male) |
| 12:51 | Build | Palisade Wall |
| 12:52 | Build | Palisade Wall |
| 12:52 | Build | Palisade Wall |
| 12:52 | Build | Palisade Wall |
| 12:54 | Build | Palisade Wall |
| 13:01 | Queue | Archer |
| 13:13 | Queue | Villager (Male) |
| 13:29 | Queue | Archer |
| 13:29 | Queue | Archer |
| 13:35 | Queue | Villager (Male) |
| 13:39 | Build | Farm |
| 13:43 | Research | Double-Bit Axe |
| 13:51 | Queue | Villager (Male) |
| 13:52 | Queue | Archer |
| 14:00 | Queue | Archer |
| 14:07 | Queue | Villager (Male) |
| 14:26 | Queue | Archer |
| 14:26 | Queue | Archer |
| 14:30 | Queue | Villager (Male) |
| 14:34 | Build | Farm |
| 14:39 | Queue | Archer |
| 14:43 | Build | House |
| 14:45 | Research | Town Watch |
| 14:48 | Build | House |
| 14:50 | Build | Palisade Wall |
| 14:50 | Build | Palisade Wall |
| 14:54 | Queue | Archer |
| 15:00 | Queue | Villager (Male) |
| 15:10 | Build | House |
| 15:20 | Queue | Archer |
| 15:21 | Queue | Villager (Male) |
| 15:35 | Build | Farm |
| 15:38 | Queue | Villager (Male) |
| 15:40 | Queue | Archer |
| 15:42 | Queue | Villager (Male) |
| 15:46 | Build | Farm |
| 15:57 | Queue | Villager (Male) |
| 16:00 | Queue | Archer |
| 16:04 | Queue | Villager (Male) |
| 16:14 | Build | Mill |
| 16:19 | Queue | Villager (Male) |
| 16:25 | Queue | Archer |
| 16:25 | Queue | Archer |
| 16:28 | Queue | Villager (Male) |
| 16:41 | Build | House |
| 16:43 | Build | Palisade Wall |
| 16:43 | Queue | Villager (Male) |
| 16:45 | Build | Palisade Wall |
| 16:49 | Queue | Villager (Male) |
| 16:51 | Queue | Archer |
| 16:52 | Queue | Villager (Male) |
| 17:00 | Build | Palisade Wall |
| 17:03 | Queue | Villager (Male) |
| 17:08 | Build | Palisade Wall |
| 17:13 | Queue | Archer |
| 17:13 | Queue | Archer |
| 17:18 | Build | Palisade Wall |
| 17:32 | Queue | Archer |
| 17:40 | Queue | Villager (Male) |
| 17:52 | Queue | Villager (Male) |
| 18:04 | Queue | Villager (Male) |
| 18:10 | Build | Palisade Wall |
| 18:11 | Build | Palisade Wall |
| 18:11 | Build | Palisade Wall |
| 18:13 | Build | Palisade Wall |
| 18:14 | Build | Palisade Wall |
| 18:15 | Queue | Villager (Male) |
| 18:15 | Queue | Villager (Male) |
| 18:18 | Build | House |
| 18:19 | Build | House |
| 18:21 | Build | House |
| 18:24 | Research | Padded Archer Armor |
| 18:30 | Queue | Archer |
| 18:30 | Queue | Archer |
| 18:45 | Build | House |
| 18:48 | Build | House |
| 18:50 | Build | House |
| 19:06 | Queue | Archer |
| 19:08 | Build | House |
| 19:37 | Build | House |
| 19:57 | Research | Castle Age |
| 19:58 | Queue | Archer |
| 20:05 | Build | House |
| 20:06 | Queue | Archer |
| 20:08 | Build | House |
| 20:08 | Build | House |
| 20:13 | Build | Mill |
| 20:27 | Research | Horse Collar |
Build order — Don_Maximiliano
First 150 of 302 actions detected
| 0:01 | Queue | Villager (Male) ×4 |
| 0:02 | Build | House |
| 0:03 | Build | House |
| 1:11 | Queue | Villager (Male) |
| 1:49 | Queue | Villager (Male) |
| 2:03 | Build | House |
| 2:11 | Build | House |
| 2:15 | Queue | Villager (Male) |
| 2:22 | Build | Lumber Camp |
| 2:24 | Build | House |
| 2:56 | Queue | Villager (Male) |
| 3:00 | Build | House |
| 3:19 | Queue | Villager (Male) |
| 3:44 | Queue | Villager (Male) ×2 |
| 4:26 | Queue | Villager (Male) ×2 |
| 5:03 | Queue | Villager (Male) |
| 5:06 | Build | Mill |
| 5:40 | Queue | Villager (Male) |
| 6:08 | Queue | Villager (Male) |
| 6:08 | Queue | Villager (Male) |
| 6:16 | Research | Loom |
| 7:16 | Build | Barracks |
| 7:30 | Research | Feudal Age |
| 8:20 | Build | Mining Camp |
| 8:43 | Queue | Villager (Male) |
| 9:06 | Build | House |
| 9:21 | Queue | Villager (Male) |
| 9:41 | Age | Feudal Age |
| 9:43 | Build | Archery Range |
| 9:46 | Build | Archery Range |
| 9:50 | Research | Double-Bit Axe |
| 9:52 | Queue | Spearman |
| 9:58 | Queue | Villager (Male) |
| 10:03 | Build | House |
| 10:08 | Queue | Villager (Male) |
| 10:18 | Queue | Villager (Male) |
| 10:22 | Build | Mill |
| 10:41 | Queue | Archer |
| 10:48 | Queue | Archer |
| 10:55 | Queue | Archer |
| 10:56 | Queue | Villager (Male) |
| 11:06 | Queue | Villager (Male) |
| 11:15 | Build | Farm |
| 11:20 | Build | House |
| 11:26 | Queue | Archer |
| 11:26 | Queue | Archer |
| 11:34 | Build | Farm |
| 11:48 | Queue | Archer ×2 |
| 11:51 | Build | House |
| 11:54 | Build | Palisade Wall |
| 11:55 | Build | Palisade Wall |
| 11:57 | Queue | Villager (Male) |
| 12:03 | Queue | Villager (Male) |
| 12:11 | Queue | Villager (Male) |
| 12:13 | Queue | Archer |
| 12:13 | Queue | Archer |
| 12:24 | Build | Blacksmith |
| 12:26 | Build | Palisade Wall |
| 12:31 | Queue | Archer |
| 12:48 | Queue | Villager (Male) |
| 13:06 | Queue | Archer |
| 13:07 | Queue | Villager (Male) |
| 13:10 | Build | Farm |
| 13:10 | Build | Farm |
| 13:10 | Build | Farm |
| 13:16 | Research | Fletching |
| 13:18 | Build | House |
| 13:19 | Build | House |
| 13:22 | Queue | Archer |
| 13:30 | Build | House |
| 13:32 | Build | Palisade Wall |
| 13:34 | Build | Palisade Wall |
| 13:38 | Queue | Villager (Male) |
| 13:48 | Queue | Archer |
| 13:59 | Queue | Villager (Male) |
| 14:01 | Build | Farm |
| 14:06 | Build | Farm |
| 14:13 | Queue | Archer |
| 14:13 | Queue | Archer |
| 14:14 | Queue | Villager (Male) |
| 14:36 | Queue | Archer |
| 14:36 | Queue | Villager (Male) |
| 14:44 | Build | House |
| 14:46 | Build | Farm |
| 14:47 | Build | Farm |
| 14:49 | Queue | Archer |
| 14:49 | Queue | Archer |
| 15:01 | Queue | Villager (Male) |
| 15:03 | Build | Farm |
| 15:08 | Queue | Villager (Male) |
| 15:13 | Queue | Archer |
| 15:13 | Queue | Archer |
| 15:40 | Queue | Archer |
| 15:40 | Queue | Villager (Male) |
| 15:45 | Build | Farm |
| 15:48 | Research | Padded Archer Armor |
| 15:50 | Build | House |
| 16:00 | Queue | Villager (Male) |
| 16:11 | Build | Lumber Camp |
| 16:13 | Queue | Villager (Male) |
| 16:15 | Build | Farm |
| 16:21 | Build | Palisade Wall |
| 16:33 | Queue | Villager (Male) |
| 16:37 | Build | House |
| 16:39 | Build | Palisade Wall |
| 16:42 | Build | Palisade Wall |
| 16:45 | Build | Palisade Wall |
| 16:53 | Queue | Villager (Male) |
| 17:08 | Build | House |
| 17:23 | Queue | Archer |
| 17:23 | Queue | Archer |
| 17:24 | Queue | Villager (Male) |
| 17:25 | Queue | Villager (Male) |
| 17:27 | Build | House |
| 17:30 | Build | House |
| 17:32 | Build | House |
| 17:55 | Queue | Archer |
| 17:55 | Queue | Archer |
| 17:56 | Queue | Villager (Male) |
| 18:06 | Queue | Villager (Male) |
| 18:18 | Build | Farm |
| 18:19 | Build | Farm |
| 18:53 | Queue | Villager (Male) |
| 18:57 | Build | Market |
| 19:22 | Build | Palisade Wall |
| 19:52 | Queue | Archer |
| 19:53 | Queue | Archer |
| 19:53 | Queue | Villager (Male) |
| 19:53 | Queue | Villager (Male) |
| 20:01 | Queue | Archer |
| 20:02 | Queue | Archer |
| 20:02 | Queue | Villager (Male) |
| 20:58 | Research | Castle Age |
| 21:05 | Build | Archery Range |
| 21:13 | Build | Archery Range |
| 21:16 | Queue | Archer |
| 21:17 | Queue | Archer |
| 21:17 | Queue | Villager (Male) |
| 21:21 | Research | Horse Collar |
| 21:23 | Queue | Villager (Male) |
| 21:46 | Research | Gold Mining |
| 21:48 | Queue | Archer |
| 21:49 | Queue | Archer |
| 21:53 | Build | House |
| 22:02 | Research | Wheelbarrow |
| 22:07 | Queue | Archer |
| 22:08 | Queue | Archer |
| 22:15 | Queue | Villager (Male) |
| 22:22 | Build | House |
| 22:23 | Build | House |
Build order — Rand_AOE
First 150 of 357 actions detected
| 0:00 | Queue | Villager (Male) |
| 0:01 | Queue | Villager (Male) |
| 0:01 | Queue | Villager (Male) |
| 0:03 | Build | House |
| 0:04 | Build | House |
| 0:07 | Queue | Villager (Male) |
| 1:24 | Queue | Villager (Male) |
| 1:52 | Queue | Villager (Male) |
| 2:16 | Queue | Villager (Male) |
| 2:41 | Queue | Villager (Male) |
| 2:51 | Queue | Villager (Male) |
| 3:10 | Queue | Villager (Male) |
| 3:28 | Build | House |
| 3:47 | Build | Mill |
| 3:48 | Queue | Villager (Male) |
| 3:58 | Queue | Villager (Male) |
| 4:03 | Queue | Villager (Male) |
| 4:03 | Queue | Villager (Male) |
| 4:12 | Queue | Villager (Male) |
| 4:58 | Queue | Villager (Male) |
| 4:58 | Queue | Villager (Male) |
| 5:35 | Queue | Villager (Male) |
| 5:36 | Queue | Villager (Male) |
| 6:43 | Research | Feudal Age |
| 6:43 | Research | Loom |
| 6:57 | Build | Lumber Camp |
| 7:19 | Build | House |
| 8:28 | Queue | Villager (Male) |
| 8:53 | Age | Feudal Age |
| 9:02 | Build | Archery Range |
| 9:09 | Build | Mining Camp |
| 9:15 | Queue | Villager (Male) |
| 9:44 | Research | Double-Bit Axe |
| 9:45 | Queue | Villager (Male) |
| 9:57 | Queue | Villager (Male) |
| 10:03 | Queue | Archer |
| 10:10 | Build | Watch Tower |
| 10:13 | Queue | Villager (Male) |
| 10:20 | Queue | Villager (Male) |
| 10:28 | Build | Mill |
| 10:29 | Queue | Villager (Male) |
| 10:34 | Build | House |
| 10:38 | Queue | Archer |
| 10:58 | Queue | Villager (Male) |
| 11:07 | Queue | Archer |
| 11:08 | Queue | Villager (Male) |
| 11:15 | Build | Archery Range |
| 11:16 | Build | House |
| 11:22 | Queue | Villager (Male) |
| 11:24 | Queue | Archer |
| 11:24 | Queue | Archer |
| 12:03 | Build | House |
| 12:06 | Queue | Villager (Male) |
| 12:10 | Queue | Archer |
| 12:10 | Queue | Archer |
| 12:17 | Queue | Villager (Male) |
| 12:25 | Build | Blacksmith |
| 12:30 | Queue | Archer |
| 12:30 | Queue | Archer |
| 12:38 | Build | House |
| 12:39 | Build | Palisade Wall |
| 12:42 | Queue | Archer |
| 13:18 | Research | Fletching |
| 13:21 | Build | Farm |
| 13:21 | Build | Farm |
| 13:21 | Build | Farm |
| 13:22 | Build | Farm |
| 13:31 | Queue | Archer |
| 13:31 | Queue | Archer |
| 13:47 | Build | House |
| 13:50 | Build | Farm |
| 14:03 | Build | Farm |
| 14:04 | Queue | Villager (Male) |
| 14:06 | Build | Farm |
| 14:42 | Build | House |
| 14:46 | Build | House |
| 14:48 | Queue | Villager (Male) |
| 14:56 | Build | Palisade Gate |
| 15:03 | Build | Farm |
| 15:05 | Queue | Archer |
| 15:06 | Queue | Archer |
| 15:06 | Queue | Archer |
| 15:07 | Queue | Villager (Male) |
| 15:39 | Build | Farm |
| 15:39 | Queue | Villager (Male) |
| 15:41 | Queue | Archer |
| 15:42 | Queue | Archer |
| 15:42 | Queue | Archer |
| 15:53 | Queue | Villager (Male) |
| 15:57 | Queue | Villager (Male) |
| 15:59 | Build | House |
| 16:14 | Queue | Villager (Male) |
| 16:16 | Build | Farm |
| 16:34 | Queue | Villager (Male) |
| 16:48 | Queue | Villager (Male) |
| 16:55 | Queue | Villager (Male) |
| 17:06 | Queue | Villager (Male) |
| 17:27 | Queue | Archer |
| 17:27 | Queue | Archer |
| 17:27 | Queue | Archer |
| 17:27 | Queue | Archer |
| 17:31 | Queue | Villager (Male) |
| 17:33 | Build | Farm |
| 17:33 | Build | Farm |
| 17:33 | Build | Farm |
| 17:34 | Build | Farm |
| 17:56 | Queue | Archer |
| 17:56 | Queue | Archer |
| 17:57 | Queue | Archer |
| 17:59 | Research | Padded Archer Armor |
| 18:01 | Build | Farm |
| 18:02 | Build | Farm |
| 18:16 | Build | Farm |
| 18:40 | Queue | Villager (Male) |
| 18:51 | Queue | Villager (Male) |
| 18:57 | Build | Market |
| 19:05 | Queue | Villager (Male) |
| 19:17 | Queue | Archer |
| 19:18 | Queue | Archer |
| 19:18 | Queue | Archer |
| 19:31 | Build | Farm |
| 19:32 | Queue | Villager (Male) |
| 19:42 | Queue | Archer |
| 19:55 | Build | House |
| 20:00 | Build | House |
| 20:10 | Research | Castle Age |
| 20:56 | Build | Archery Range |
| 20:58 | Queue | Archer |
| 20:59 | Queue | Archer |
| 21:38 | Build | House |
| 21:40 | Build | House |
| 21:45 | Build | Lumber Camp |
| 21:48 | Queue | Villager (Male) |
| 21:53 | Research | Horse Collar |
| 22:30 | Queue | Villager (Male) |
| 22:38 | Build | Archery Range |
| 22:40 | Queue | Villager (Male) |
| 22:55 | Age | Castle Age |
| 22:57 | Research | Crossbowman (upgrade) |
| 22:58 | Research | Bodkin Arrow |
| 23:01 | Queue | Archer |
| 23:02 | Queue | Archer |
| 23:02 | Queue | Archer |
| 23:02 | Queue | Archer |
| 23:06 | Build | Farm |
| 23:19 | Build | University |
| 23:40 | Queue | Archer |
| 23:40 | Queue | Archer |
| 23:40 | Queue | Archer |
| 23:41 | Queue | Archer |
Match timeline
| 6:29 | Pleb Guardiola · wall_segment Palisade Wall x1 |
| 6:30 | Pleb Guardiola · wall_segment Palisade Wall x1 |
| 6:33 | Pleb Guardiola · wall_segment Palisade Wall x6 |
| 6:46 | yix_x_xio · wall_segment Palisade Wall x1 |
| 7:16 | Don_Maximiliano · first_building Barracks |
| 7:38 | TRMA | The_Beatleman · first_building Barracks |
| 8:17 | yix_x_xio · first_building Barracks |
| 8:50 | TRMA | The_Beatleman · age_up feudal |
| 8:51 | PacmanStally · wall_segment Palisade Wall x6 |
| 8:53 | Rand_AOE · age_up feudal |
| 8:53 | TRMA | The_Beatleman · first_building Archery Range |
| 9:02 | Rand_AOE · first_building Archery Range |
| 9:03 | PacmanStally · first_building Barracks |
| 9:15 | Pleb Guardiola · first_building Barracks |
| 9:18 | yix_x_xio · age_up feudal |
| 9:21 | yix_x_xio · first_building Stable |
| 9:41 | Don_Maximiliano · age_up feudal |
| 9:43 | Don_Maximiliano · first_building Archery Range |
| 9:50 | Pleb Guardiola · age_up feudal |
| 10:02 | Pleb Guardiola · first_building Stable |
| 11:20 | PacmanStally · age_up feudal |
| 11:22 | PacmanStally · first_building Archery Range |
| 11:54 | Don_Maximiliano · wall_segment Palisade Wall x5 |
| 11:55 | Don_Maximiliano · wall_segment Palisade Wall x2 |
| 12:26 | Don_Maximiliano · wall_segment Palisade Wall x1 |
| 12:39 | Rand_AOE · wall_segment Palisade Wall x1 |
| 12:51 | TRMA | The_Beatleman · wall_segment Palisade Wall x1 |
| 12:52 | TRMA | The_Beatleman · wall_segment Palisade Wall x1 |
| 12:52 | TRMA | The_Beatleman · wall_segment Palisade Wall x1 |
| 12:52 | TRMA | The_Beatleman · wall_segment Palisade Wall x1 |
| 12:54 | TRMA | The_Beatleman · wall_segment Palisade Wall x1 |
| 13:32 | PacmanStally · wall_segment Palisade Wall x1 |
| 13:32 | Don_Maximiliano · wall_segment Palisade Wall x6 |
| 13:34 | Don_Maximiliano · wall_segment Palisade Wall x4 |
| 14:50 | TRMA | The_Beatleman · wall_segment Palisade Wall x1 |
| 14:50 | TRMA | The_Beatleman · wall_segment Palisade Wall x1 |
| 14:51 | PacmanStally · age_up castle |
| 16:21 | Don_Maximiliano · wall_segment Palisade Wall x8 |
| 16:39 | Don_Maximiliano · wall_segment Palisade Wall x4 |
| 16:42 | Don_Maximiliano · wall_segment Palisade Wall x10 |
| 16:43 | TRMA | The_Beatleman · wall_segment Palisade Wall x20 |
| 16:45 | TRMA | The_Beatleman · wall_segment Palisade Wall x3 |
| 16:45 | Don_Maximiliano · wall_segment Palisade Wall x7 |
| 16:49 | yix_x_xio · wall_segment Palisade Wall x9 |
| 16:50 | yix_x_xio · wall_segment Palisade Wall x1 |
| 16:58 | yix_x_xio · wall_segment Palisade Wall x3 |
| 16:59 | yix_x_xio · wall_segment Palisade Wall x3 |
| 17:00 | TRMA | The_Beatleman · wall_segment Palisade Wall x10 |
| 17:08 | TRMA | The_Beatleman · wall_segment Palisade Wall x1 |
| 17:13 | yix_x_xio · wall_segment Palisade Wall x4 |
| 17:18 | TRMA | The_Beatleman · wall_segment Palisade Wall x6 |
| 17:54 | yix_x_xio · wall_segment Palisade Wall x18 |
| 18:10 | TRMA | The_Beatleman · wall_segment Palisade Wall x1 |
| 18:11 | TRMA | The_Beatleman · wall_segment Palisade Wall x1 |
| 18:11 | TRMA | The_Beatleman · wall_segment Palisade Wall x1 |
| 18:13 | TRMA | The_Beatleman · wall_segment Palisade Wall x1 |
| 18:14 | TRMA | The_Beatleman · wall_segment Palisade Wall x1 |
| 18:34 | yix_x_xio · wall_segment Palisade Wall x6 |
| 18:35 | yix_x_xio · wall_segment Palisade Wall x1 |
| 18:36 | yix_x_xio · wall_segment Palisade Wall x1 |
| 18:37 | yix_x_xio · wall_segment Palisade Wall x1 |
| 18:38 | yix_x_xio · wall_segment Palisade Wall x1 |
| 19:22 | Don_Maximiliano · wall_segment Palisade Wall x1 |
| 20:08 | Rand_AOE · first_market_buy 100 food |
| 20:28 | Rand_AOE · first_market_sell 100 food |
| 20:51 | Don_Maximiliano · first_market_buy 100 food |
| 20:51 | Don_Maximiliano · first_market_sell 100 wood |
| 21:38 | yix_x_xio · wall_segment Palisade Wall x2 |
| 21:47 | yix_x_xio · wall_segment Palisade Wall x1 |
| 21:49 | yix_x_xio · wall_segment Palisade Wall x1 |
| 21:53 | yix_x_xio · age_up castle |
| 21:55 | yix_x_xio · wall_segment Palisade Wall x1 |
| 21:56 | yix_x_xio · wall_segment Palisade Wall x1 |
| 22:37 | TRMA | The_Beatleman · age_up castle |
| 22:55 | Rand_AOE · age_up castle |
| 22:56 | yix_x_xio · first_market_buy 100 wood |
| 23:11 | yix_x_xio · wall_segment Palisade Wall x1 |
| 23:12 | yix_x_xio · wall_segment Palisade Wall x1 |
| 23:32 | yix_x_xio · first_market_sell 100 food |
| 23:48 | Don_Maximiliano · age_up castle |
| 24:11 | PacmanStally · first_building Siege Workshop |
| 24:53 | Pleb Guardiola · age_up castle |
| 26:10 | PacmanStally · wall_segment Palisade Wall x1 |
| 26:12 | PacmanStally · wall_segment Palisade Wall x1 |
| 27:12 | Pleb Guardiola · first_building Siege Workshop |
| 28:22 | PacmanStally · first_market_buy 100 food |
| 29:44 | Pleb Guardiola · first_market_sell 100 food |
| 29:45 | Pleb Guardiola · first_market_buy 100 stone |
| 29:53 | Don_Maximiliano · wall_segment Palisade Wall x1 |
| 31:38 | yix_x_xio · first_building Monastery |
| 33:08 | TRMA | The_Beatleman · first_building Siege Workshop |
| 35:18 | yix_x_xio · wall_segment Stone Wall x15 |
| 35:59 | Pleb Guardiola · wall_segment Palisade Wall x1 |
| 36:13 | Pleb Guardiola · wall_segment Palisade Wall x1 |
| 36:14 | Pleb Guardiola · wall_segment Palisade Wall x1 |
| 36:37 | PacmanStally · first_building Castle |
| 36:51 | TRMA | The_Beatleman · age_up imperial |
| 36:53 | PacmanStally · first_building Monastery |
| 38:56 | Rand_AOE · age_up imperial |
| 39:23 | yix_x_xio · first_building Castle |
| 39:48 | yix_x_xio · age_up imperial |
| 39:53 | Pleb Guardiola · resign |
[ AI ANALYSIS · 1 CREDIT ]
What really happened in this match?
Wolo.gg analyzes every decision: build order, eco, micro, common mistakes by bracket. Personalized analysis on WhatsApp or Discord in 30 seconds.
Civ guide
Mapuche
Perfil
Jugador #335722